[Event "Live Chess"]
[Site "Chess.com"]
[Date "2010.12.14"]
[Round "-"]
[White "kembro13"]
[Black "hipposcottimus"]
[Result "1-0"]
[CurrentPosition "6k1/p6p/8/2P5/4R3/2N3P1/PP3P1P/5RK1 b - -"]
[Timezone "UTC"]
[ECO "C45"]
[ECOUrl "https://www.chess.com/openings/Scotch-Game"]
[UTCDate "2010.12.14"]
[UTCTime "00:58:27"]
[WhiteElo "1730"]
[BlackElo "1678"]
[TimeControl "60"]
[Termination "kembro13 won by resignation"]
[StartTime "00:58:27"]
[EndDate "2010.12.14"]
[EndTime "01:00:35"]
[Link "https://www.chess.com/game/live/77053658"]

1. e4 e5 2. Nf3 Nc6 3. d4 d5 4. exd5 e4 5. dxc6 exf3 6. Qxf3 Rb8 7. Be3 Bd6 8. Bc4 Be6 9. Bxe6 fxe6 10. cxb7 Ne7 11. O-O Nf5 12. c4 O-O 13. Qe4 c6 14. Qxe6+ Kh8 15. c5 Bc7 16. Qxc6 Rf6 17. Qe4 Qf8 18. Nc3 Nh6 19. Bxh6 Rg6 20. Bxg7+ Rxg7 21. Rae1 Qg8 22. g3 Qd8 23. d5 Rxb7 24. d6 Rb4 25. dxc7 Rxe4 26. cxd8=Q+ Rg8 27. Qxg8+ Kxg8 28. Rxe4 1-0

[Event "Live Chess"]
[Site "Chess.com"]
[Date "2010.12.14"]
[Round "-"]
[White "hipposcottimus"]
[Black "kembro13"]
[Result "0-1"]
[CurrentPosition "6k1/5pp1/2p5/2p2P2/2P5/p7/6r1/3K3q w - -"]
[Timezone "UTC"]
[ECO "C50"]
[ECOUrl "https://www.chess.com/openings/Italian-Game-Hungarian-Defense-4.d4-exd4-5.Nxd4-d6"]
[UTCDate "2010.12.14"]
[UTCTime "00:55:58"]
[WhiteElo "1685"]
[BlackElo "1723"]
[TimeControl "60"]
[Termination "kembro13 won by checkmate"]
[StartTime "00:55:58"]
[EndDate "2010.12.14"]
[EndTime "00:58:06"]
[Link "https://www.chess.com/game/live/77053125"]

1. e4 e5 2. Nf3 Nc6 3. Bc4 Be7 4. d4 exd4 5. Nxd4 d6 6. Nxc6 bxc6 7. Nc3 Nf6 8. Bd3 O-O 9. O-O Nd7 10. f4 Bf6 11. Ne2 Rb8 12. c3 Re8 13. Rb1 Nc5 14. Ng3 Nxd3 15. Qxd3 Qe7 16. f5 Bb7 17. c4 c5 18. b3 Bxe4 19. Nxe4 Qxe4 20. Qxe4 Rxe4 21. Bb2 Bxb2 22. Rxb2 Rbe8 23. Rff2 a5 24. g3 c6 25. Kg2 Rd8 26. h3 d5 27. a3 d4 28. Rfd2 d3 29. Rxd3 Rxd3 30. Rc2 Ree3 31. Rf2 Rxg3+ 32. Kf1 Rdf3 33. Ke2 Rxf2+ 34. Kxf2 Rxh3 35. Ke2 Rxb3 36. Kd2 Rxa3 37. Ke2 Rh3 38. Kd2 a4 39. Kc2 h5 40. Kb1 Rh2 41. Kc1 a3 42. Kb1 Rg2 43. Ka1 h4 44. Kb1 h3 45. Kc1 h2 46. Kd1 h1=Q# 0-1

[Event "Live Chess"]
[Site "Chess.com"]
[Date "2010.12.14"]
[Round "-"]
[White "kembro13"]
[Black "hipposcottimus"]
[Result "0-1"]
[CurrentPosition "3Q4/p4p1p/6k1/2B2r2/2P5/1P6/P4P1K/3R1R2 w - -"]
[Timezone "UTC"]
[ECO "C45"]
[ECOUrl "https://www.chess.com/openings/Scotch-Game"]
[UTCDate "2010.12.14"]
[UTCTime "00:53:02"]
[WhiteElo "1716"]
[BlackElo "1692"]
[TimeControl "60"]
[Termination "hipposcottimus won on time"]
[StartTime "00:53:02"]
[EndDate "2010.12.14"]
[EndTime "00:55:14"]
[Link "https://www.chess.com/game/live/77052467"]

1. e4 e5 2. Nf3 Nc6 3. d4 d5 4. exd5 e4 5. dxc6 exf3 6. Qxf3 Rb8 7. Be3 Nf6 8. h3 Bd6 9. Nc3 O-O 10. Bb5 bxc6 11. Bxc6 Rb6 12. O-O Qe7 13. b3 Bd7 14. Bxd7 Qxd7 15. Ne4 c6 16. Nxf6+ gxf6 17. Qxf6 Be7 18. Qf3 Kh8 19. c4 Rg8 20. Rad1 c5 21. d5 Rbg6 22. g4 Rxg4+ 23. hxg4 Rxg4+ 24. Kh2 Bd6+ 25. Kh1 Rh4+ 26. Kg1 Bh2+ 27. Kg2 Qg4+ 28. Qxg4 Rxg4+ 29. Kxh2 Rg6 30. d6 Rf6 31. d7 Rf5 32. d8=Q+ Kg7 33. Bxc5 Kg6 0-1

[Event "Live Chess"]
[Site "Chess.com"]
[Date "2010.12.14"]
[Round "-"]
[White "hipposcottimus"]
[Black "Lenny714"]
[Result "1-0"]
[CurrentPosition "8/3PR2p/2kr2p1/p3p3/Pp6/1P6/6PP/3Q3K b - -"]
[Timezone "UTC"]
[ECO "B07"]
[ECOUrl "https://www.chess.com/openings/Pirc-Defense-Maroczy-Defense"]
[UTCDate "2010.12.14"]
[UTCTime "00:50:22"]
[WhiteElo "1683"]
[BlackElo "1280"]
[TimeControl "60"]
[Termination "hipposcottimus won on time"]
[StartTime "00:50:22"]
[EndDate "2010.12.14"]
[EndTime "00:52:28"]
[Link "https://www.chess.com/game/live/77051738"]

1. e4 d6 2. d4 e5 3. d5 f6 4. Nf3 Bd7 5. Nfd2 Ne7 6. Nb3 a6 7. Be2 b5 8. f4 c6 9. fxe5 fxe5 10. dxc6 Nbxc6 11. Bf3 Qc7 12. O-O g6 13. Bg5 O-O-O 14. Bf6 Rg8 15. Nc3 Bg7 16. Bxg7 Rxg7 17. Nd5 Nxd5 18. exd5 Nb4 19. a3 Nxc2 20. Rc1 Bf5 21. Be2 Kd7 22. Nd4 Re7 23. Nxc2 Bxc2 24. Rxc2 Qb6+ 25. Kh1 Rde8 26. b3 a5 27. a4 b4 28. Bb5+ Kd8 29. Rc6 Qb7 30. Rxd6+ Rd7 31. Rxd7+ Qxd7 32. Bxd7 Kxd7 33. d6 Re6 34. Rf7+ Kc6 35. d7 Rd6 36. Re7 1-0

[Event "Live Chess"]
[Site "Chess.com"]
[Date "2010.12.14"]
[Round "-"]
[White "Lenny714"]
[Black "hipposcottimus"]
[Result "0-1"]
[CurrentPosition "6k1/p1n3pp/2p3q1/1p1pP3/3Q1P2/1P5P/P3N1P1/4R1K1 w - -"]
[Timezone "UTC"]
[ECO "C22"]
[ECOUrl "https://www.chess.com/openings/Center-Game-Accepted-Paulsen-Attack"]
[UTCDate "2010.12.14"]
[UTCTime "00:47:41"]
[WhiteElo "1281"]
[BlackElo "1682"]
[TimeControl "60"]
[Termination "hipposcottimus won on time"]
[StartTime "00:47:41"]
[EndDate "2010.12.14"]
[EndTime "00:49:41"]
[Link "https://www.chess.com/game/live/77051201"]

1. e4 e5 2. d4 exd4 3. Qxd4 Nc6 4. Qe3 d6 5. Bd3 Nf6 6. Ne2 Be7 7. f3 O-O 8. O-O Ne8 9. b3 f5 10. Bb2 f4 11. Qd2 Ne5 12. Nxf4 Nxd3 13. Nxd3 Bf6 14. Bxf6 Nxf6 15. Nc3 c6 16. Nf4 Be6 17. Nxe6 Qe7 18. Nxf8 Rxf8 19. Na4 Qf7 20. Rad1 b5 21. Nc3 Ne8 22. Ne2 d5 23. e5 Qf5 24. f4 Qe4 25. Ng3 Qg6 26. Rde1 Qg4 27. Ne2 Qg6 28. h3 Rf5 29. Nc3 Rh5 30. Rf3 Rh6 31. Qe3 Nc7 32. Rg3 Qxc2 33. Ne2 Qf5 34. Qd4 Rg6 35. Rxg6 Qxg6 0-1

[Event "Live Chess"]
[Site "Chess.com"]
[Date "2010.12.14"]
[Round "-"]
[White "hipposcottimus"]
[Black "Lenny714"]
[Result "1-0"]
[CurrentPosition "k2r2nr/p1N2pbp/P3pqp1/2pP4/8/1QP2B2/1P3PPP/R4RK1 b - -"]
[Timezone "UTC"]
[ECO "B01"]
[ECOUrl "https://www.chess.com/openings/Scandinavian-Defense-Mieses-Kotrc-Gubinsky-Melts-Defense-4.Nf3"]
[UTCDate "2010.12.14"]
[UTCTime "00:45:54"]
[WhiteElo "1681"]
[BlackElo "1282"]
[TimeControl "60"]
[Termination "hipposcottimus won by checkmate"]
[StartTime "00:45:54"]
[EndDate "2010.12.14"]
[EndTime "00:47:18"]
[Link "https://www.chess.com/game/live/77050787"]

1. e4 d5 2. exd5 Qxd5 3. Nc3 Qd6 4. Nf3 Be6 5. d4 Nd7 6. d5 Bg4 7. Be2 O-O-O 8. O-O g6 9. Be3 b6 10. Nb5 Qf6 11. c3 Kb8 12. a4 Bg7 13. a5 Nc5 14. Bxc5 bxc5 15. a6 Bxf3 16. Bxf3 e6 17. Qb3 Ka8 18. Nxc7# 1-0

[Event "Live Chess"]
[Site "Chess.com"]
[Date "2010.12.13"]
[Round "-"]
[White "GrigoriOctopus"]
[Black "hipposcottimus"]
[Result "0-1"]
[CurrentPosition "r2q1r1k/ppn1b1pp/2p1p3/2Q5/PP1PN3/2P5/5PPP/R1B1K2R b KQ -"]
[Timezone "UTC"]
[ECO "C55"]
[ECOUrl "https://www.chess.com/openings/Italian-Game-Two-Knights-Modern-Bishops-Opening-4...d5-5.exd5-Nxd5"]
[UTCDate "2010.12.13"]
[UTCTime "23:37:12"]
[WhiteElo "1308"]
[BlackElo "1438"]
[TimeControl "720"]
[Termination "hipposcottimus won by resignation"]
[StartTime "23:37:12"]
[EndDate "2010.12.13"]
[EndTime "23:44:37"]
[Link "https://www.chess.com/game/live/77034149"]

1. e4 e5 2. Nf3 Nc6 3. Bc4 Nf6 4. d3 d5 5. exd5 Nxd5 6. d4 e4 7. Ng5 Be6 8. Nxe6 fxe6 9. c3 Be7 10. Nd2 O-O 11. Nxe4 Na5 12. Qe2 c6 13. a4 Nc7 14. b4 Nxc4 15. Qxc4 Kh8 16. Qc5 0-1

[Event "Live Chess"]
[Site "Chess.com"]
[Date "2010.12.13"]
[Round "-"]
[White "hipposcottimus"]
[Black "Computer4-IMPOSSIBLE"]
[Result "0-1"]
[CurrentPosition "r2r2k1/ppp1ppb1/6pp/1qN1n3/1P1P2b1/P3BN2/5PPP/2RQR1K1 w - -"]
[Timezone "UTC"]
[ECO "B06"]
[ECOUrl "https://www.chess.com/openings/Modern-Defense-with-1-e4-2.d4-d6"]
[UTCDate "2010.12.13"]
[UTCTime "22:30:33"]
[WhiteElo "1554"]
[BlackElo "2052"]
[TimeControl "600+10"]
[Termination "Computer4-IMPOSSIBLE won by resignation"]
[StartTime "22:30:33"]
[EndDate "2010.12.13"]
[EndTime "22:35:25"]
[Link "https://www.chess.com/game/live/77017016"]

1. e4 g6 2. d4 d6 3. Bd2 Bg7 4. Nf3 Nc6 5. c3 Nf6 6. Bd3 d5 7. e5 Ne4 8. O-O O-O 9. Bxe4 dxe4 10. Ng5 Qd5 11. Re1 e3 12. Bxe3 h6 13. Nf3 Bg4 14. Nbd2 Rfd8 15. c4 Qa5 16. Nb3 Qb4 17. a3 Qxc4 18. Rc1 Qa4 19. Nc5 Qb5 20. b4 Nxe5 0-1

[Event "Live Chess"]
[Site "Chess.com"]
[Date "2010.12.13"]
[Round "-"]
[White "Computer4-IMPOSSIBLE"]
[Black "hipposcottimus"]
[Result "1-0"]
[CurrentPosition "3q3k/p5Qp/3rb3/5p2/1P6/4P3/1B1P1PPP/4K2R b K -"]
[Timezone "UTC"]
[ECO "A20"]
[ECOUrl "https://www.chess.com/openings/English-Opening-Kings-English-Nimzowitsch-Flohr-Variation-3.Nd4"]
[UTCDate "2010.12.13"]
[UTCTime "22:27:13"]
[WhiteElo "2049"]
[BlackElo "1566"]
[TimeControl "600+10"]
[Termination "Computer4-IMPOSSIBLE won by checkmate"]
[StartTime "22:27:13"]
[EndDate "2010.12.13"]
[EndTime "22:32:33"]
[Link "https://www.chess.com/game/live/77016375"]

1. c4 e5 2. Nf3 e4 3. Nd4 d5 4. cxd5 Bd6 5. Nc3 c6 6. dxc6 Nxc6 7. Nxc6 bxc6 8. Nxe4 Nf6 9. Qc2 O-O 10. Qxc6 Nxe4 11. Qxe4 Rb8 12. e3 f5 13. Bc4+ Kh8 14. Qd4 Rb4 15. b3 Ba6 16. Bb2 Rf7 17. a3 Bxc4 18. axb4 Bxb3 19. Ra3 Be6 20. Ra6 Rd7 21. Rxd6 Rxd6 22. Qxg7# 1-0

[Event "Live Chess"]
[Site "Chess.com"]
[Date "2010.12.13"]
[Round "-"]
[White "murphytheUKdog"]
[Black "hipposcottimus"]
[Result "0-1"]
[CurrentPosition "8/5P2/7p/p1B3k1/6p1/3P3p/PP4K1/5R2 w - -"]
[Timezone "UTC"]
[ECO "A02"]
[ECOUrl "https://www.chess.com/openings/Birds-Opening-Froms-Gambit"]
[UTCDate "2010.12.13"]
[UTCTime "22:26:53"]
[WhiteElo "1492"]
[BlackElo "1680"]
[TimeControl "60"]
[Termination "hipposcottimus won on time"]
[StartTime "22:26:53"]
[EndDate "2010.12.13"]
[EndTime "22:29:03"]
[Link "https://www.chess.com/game/live/77015418"]

1. f4 e5 2. Nf3 d6 3. g3 e4 4. Nd4 d5 5. d3 c5 6. Nb3 e3 7. Bxe3 d4 8. Bf2 Nf6 9. e3 Nc6 10. exd4 cxd4 11. c3 Na5 12. Nxd4 Bg4 13. Be2 Bc5 14. Bxg4 Bxd4 15. cxd4 O-O 16. Bf5 Re8+ 17. Be4 Nd5 18. O-O Nc6 19. Bxd5 Qxd5 20. Nc3 Nxd4 21. Nxd5 Nf3+ 22. Qxf3 Red8 23. Nb4 Rac8 24. Rac1 a5 25. Rxc8 Rxc8 26. Nc2 Re8 27. Nd4 Rf8 28. Nf5 Ra8 29. Ne7+ Kf8 30. Qxb7 Re8 31. Qd7 Rxe7 32. Qxe7+ Kxe7 33. Bc5+ Kf6 34. Re1 Kf5 35. g4+ Kg6 36. Rf1 f5 37. h4 fxg4 38. Kg2 Kh5 39. Kg3 g5 40. f5 h6 41. f6 gxh4+ 42. Kg2 Kg5 43. f7 h3+ 0-1

[Event "Live Chess"]
[Site "Chess.com"]
[Date "2010.12.13"]
[Round "-"]
[White "hipposcottimus"]
[Black "murphytheUKdog"]
[Result "0-1"]
[CurrentPosition "2k5/pp5p/2pnP1p1/1q6/6P1/2Q4P/PP6/K1R5 w - -"]
[Timezone "UTC"]
[ECO "A82"]
[ECOUrl "https://www.chess.com/openings/Dutch-Defense-Staunton-Balogh-Defense"]
[UTCDate "2010.12.13"]
[UTCTime "22:24:27"]
[WhiteElo "1676"]
[BlackElo "1496"]
[TimeControl "60"]
[Termination "murphytheUKdog won on time"]
[StartTime "22:24:27"]
[EndDate "2010.12.13"]
[EndTime "22:26:39"]
[Link "https://www.chess.com/game/live/77014772"]

1. e4 d6 2. d4 f5 3. Qh5+ g6 4. Qe2 e5 5. exf5 Bxf5 6. dxe5 d5 7. Bf4 Bb4+ 8. c3 Bc5 9. Nd2 Nc6 10. Nb3 Qe7 11. O-O-O O-O-O 12. Nd4 Bxd4 13. cxd4 Nh6 14. f3 Nf7 15. g4 Be6 16. Kb1 Bd7 17. Ka1 Na5 18. Rc1 Nc4 19. Qc2 Bb5 20. Bxc4 dxc4 21. Be3 Qb4 22. Bd2 c3 23. Bxc3 Qc4 24. d5 Qxd5 25. Ne2 Qxf3 26. Nd4 Qd5 27. Nxb5 Qxb5 28. Rhd1 Rxd1 29. Rxd1 Rd8 30. Rc1 Rd3 31. h3 Rxc3 32. Qxc3 c6 33. e6 Nd6 0-1

[Event "Live Chess"]
[Site "Chess.com"]
[Date "2010.12.13"]
[Round "-"]
[White "murphytheUKdog"]
[Black "hipposcottimus"]
[Result "0-1"]
[CurrentPosition "2r3k1/p5pp/5p2/4p3/6P1/2bPB3/bqK2PBP/3R3R w - -"]
[Timezone "UTC"]
[ECO "A00"]
[ECOUrl "https://www.chess.com/openings/Kings-Fianchetto-Opening-1...e5-2.Bg2-d5-3.d3"]
[UTCDate "2010.12.13"]
[UTCTime "22:22:32"]
[WhiteElo "1483"]
[BlackElo "1687"]
[TimeControl "60"]
[Termination "hipposcottimus won by checkmate"]
[StartTime "22:22:32"]
[EndDate "2010.12.13"]
[EndTime "22:24:18"]
[Link "https://www.chess.com/game/live/77014231"]

1. g3 e5 2. Bg2 d5 3. d3 c5 4. e4 Nc6 5. exd5 Nb4 6. c4 b5 7. cxb5 Nxd5 8. b6 Nxb6 9. Nf3 Bd6 10. Bg5 f6 11. Be3 Ne7 12. Nc3 Nf5 13. Qb3 Qe7 14. O-O-O Be6 15. Qc2 O-O 16. g4 Nd4 17. Nxd4 cxd4 18. Ne4 Rac8 19. Nc3 dxc3 20. bxc3 Bb4 21. Bxb6 Rxc3 22. Qxc3 Bxc3 23. Be3 Bxa2 24. Kc2 Rc8 25. Kc1 Qa3+ 26. Kc2 Qb2# 0-1

[Event "Live Chess"]
[Site "Chess.com"]
[Date "2010.12.13"]
[Round "-"]
[White "hipposcottimus"]
[Black "murphytheUKdog"]
[Result "0-1"]
[CurrentPosition "2k4r/4nB1p/p5p1/2p5/8/2P2R2/P4PPP/R1Br2K1 w - -"]
[Timezone "UTC"]
[ECO "C00"]
[ECOUrl "https://www.chess.com/openings/Pirc-Defense-Small-Center-Defense"]
[UTCDate "2010.12.13"]
[UTCTime "22:21:26"]
[WhiteElo "1683"]
[BlackElo "1487"]
[TimeControl "60"]
[Termination "murphytheUKdog won by checkmate"]
[StartTime "22:21:26"]
[EndDate "2010.12.13"]
[EndTime "22:22:09"]
[Link "https://www.chess.com/game/live/77013916"]

1. e4 e6 2. d4 d6 3. Nf3 Ne7 4. c4 Nd7 5. d5 g6 6. dxe6 Bg7 7. exd7+ Qxd7 8. Nc3 Bxc3+ 9. bxc3 c5 10. Bd3 a6 11. O-O b5 12. e5 bxc4 13. exd6 Qxd6 14. Bxc4 Qxd1 15. Rxd1 Bg4 16. Rd3 Bxf3 17. Rxf3 O-O-O 18. Bxf7 Rd1# 0-1

[Event "Live Chess"]
[Site "Chess.com"]
[Date "2010.12.13"]
[Round "-"]
[White "murphytheUKdog"]
[Black "hipposcottimus"]
[Result "0-1"]
[CurrentPosition "1K6/1p6/q1n3k1/5b2/8/8/8/8 w - -"]
[Timezone "UTC"]
[ECO "A00"]
[ECOUrl "https://www.chess.com/openings/Kings-Fianchetto-Opening-1...e5-2.Bg2-d5"]
[UTCDate "2010.12.13"]
[UTCTime "22:19:03"]
[WhiteElo "1474"]
[BlackElo "1694"]
[TimeControl "60"]
[Termination "hipposcottimus won on time"]
[StartTime "22:19:03"]
[EndDate "2010.12.13"]
[EndTime "22:21:15"]
[Link "https://www.chess.com/game/live/77013201"]

1. g3 e5 2. Bg2 d5 3. e4 c6 4. exd5 cxd5 5. d3 f5 6. c4 e4 7. cxd5 Qxd5 8. Nc3 Bb4 9. Bd2 Bxc3 10. Bxc3 Nc6 11. Bxg7 Qxd3 12. Qxd3 exd3 13. Bxh8 Bd7 14. Bxc6 Bxc6 15. O-O-O O-O-O 16. f3 Kb8 17. Nh3 Rc8 18. g4 Bxf3+ 19. Kd2 Bxh1 20. Kxd3 fxg4 21. Nf4 Bf3 22. Rd2 Rd8+ 23. Kc2 Ne7 24. Rxd8+ Kc7 25. Be5+ Kxd8 26. Ne6+ Kd7 27. h3 Kxe6 28. Bg7 Kf7 29. hxg4 Bxg4 30. Bh6 Bf5+ 31. Kc3 Kg6 32. b4 Kxh6 33. a4 Kg6 34. Kc4 h5 35. Kc5 h4 36. b5 h3 37. a5 h2 38. b6 axb6+ 39. Kxb6 h1=Q 40. a6 Qc6+ 41. Ka7 Qxa6+ 42. Kb8 Nc6+ 0-1

[Event "Live Chess"]
[Site "Chess.com"]
[Date "2010.12.13"]
[Round "-"]
[White "hipposcottimus"]
[Black "ChessNut71"]
[Result "1-0"]
[CurrentPosition "5r2/ppp5/3kbP1p/4P3/8/1BB5/PPP3P1/R4RK1 b - -"]
[Timezone "UTC"]
[ECO "C41"]
[ECOUrl "https://www.chess.com/openings/Philidor-Defense-Nimzowitsch-Variation-4.dxe5"]
[UTCDate "2010.12.13"]
[UTCTime "22:17:15"]
[WhiteElo "1690"]
[BlackElo "1532"]
[TimeControl "60"]
[Termination "hipposcottimus won by resignation"]
[StartTime "22:17:15"]
[EndDate "2010.12.13"]
[EndTime "22:18:33"]
[Link "https://www.chess.com/game/live/77012662"]

1. e4 e5 2. Nf3 d6 3. d4 Nf6 4. dxe5 dxe5 5. Qxd8+ Kxd8 6. Nxe5 Ke7 7. Bd3 Nc6 8. Bf4 Nxe5 9. Bxe5 Be6 10. O-O h6 11. f4 Nh7 12. f5 Bd7 13. Nc3 Nf6 14. Nd5+ Kd8 15. Nxf6 gxf6 16. Bxf6+ Ke8 17. Bxh8 Bd6 18. Bc3 Bxh2+ 19. Kxh2 Ke7 20. Kg1 Rg8 21. f6+ Ke6 22. Bc4+ Kd6 23. Bxf7 Rf8 24. Bb3 Be6 25. e5+ 1-0

[Event "Live Chess"]
[Site "Chess.com"]
[Date "2010.12.13"]
[Round "-"]
[White "RealQueen"]
[Black "hipposcottimus"]
[Result "0-1"]
[CurrentPosition "4r1k1/5ppp/4q3/8/3P4/PPn1P1Q1/5PPP/4R1K1 w - -"]
[Timezone "UTC"]
[ECO "A20"]
[ECOUrl "https://www.chess.com/openings/English-Opening-Kings-English-Variation-2.e3-Nf6"]
[UTCDate "2010.12.13"]
[UTCTime "22:15:12"]
[WhiteElo "1361"]
[BlackElo "1685"]
[TimeControl "60"]
[Termination "hipposcottimus won on time"]
[StartTime "22:15:12"]
[EndDate "2010.12.13"]
[EndTime "22:16:58"]
[Link "https://www.chess.com/game/live/77012076"]

1. c4 e5 2. e3 Nf6 3. a3 e4 4. Nc3 d5 5. cxd5 Nxd5 6. Nxe4 Bd6 7. Nxd6+ Qxd6 8. Nf3 O-O 9. b3 Bg4 10. Bb2 Nc6 11. Be2 Rfe8 12. O-O Ne5 13. Nxe5 Bxe2 14. Qe1 Bxf1 15. Qxf1 Rxe5 16. Bxe5 Qxe5 17. d4 Qe6 18. Qb5 Nf6 19. Qxb7 Re8 20. Qxc7 Re7 21. Qb8+ Re8 22. Qxa7 Re7 23. Qb8+ Re8 24. Qg3 Nd5 25. Re1 Nc3 0-1

[Event "Live Chess"]
[Site "Chess.com"]
[Date "2010.12.13"]
[Round "-"]
[White "hipposcottimus"]
[Black "VA-86"]
[Result "1-0"]
[CurrentPosition "4r2k/ppp3p1/7n/2B1p1n1/6bP/1BN3Q1/PPP3P1/R3R2K b - h3"]
[Timezone "UTC"]
[ECO "A06"]
[ECOUrl "https://www.chess.com/openings/Reti-Opening-Tennison-Gambit"]
[UTCDate "2010.12.13"]
[UTCTime "22:12:51"]
[WhiteElo "1683"]
[BlackElo "2169"]
[TimeControl "60"]
[Termination "hipposcottimus won on time"]
[StartTime "22:12:51"]
[EndDate "2010.12.13"]
[EndTime "22:14:50"]
[Link "https://www.chess.com/game/live/77011419"]

1. e4 d5 2. Nf3 dxe4 3. Ng5 f5 4. f3 Nf6 5. fxe4 fxe4 6. d3 Bg4 7. Qd2 exd3 8. Bxd3 e5 9. O-O Nc6 10. Re1 Bd6 11. Nc3 O-O 12. Bc4+ Kh8 13. Nf7+ Rxf7 14. Bxf7 Qe7 15. Bb3 Rd8 16. Qg5 Bc5+ 17. Kh1 h6 18. Qh4 Nd4 19. Bxh6 Ng8 20. Bg5+ Nh6 21. Bxe7 Re8 22. Bxc5 Nf3 23. Qg3 Ng5 24. h4 1-0

[Event "Live Chess"]
[Site "Chess.com"]
[Date "2010.12.13"]
[Round "-"]
[White "hipposcottimus"]
[Black "katolo"]
[Result "1-0"]
[CurrentPosition "2k3r1/pp1n4/2p1p3/4P3/3P4/8/Pr3R1P/R4K2 b - -"]
[Timezone "UTC"]
[ECO "B10"]
[ECOUrl "https://www.chess.com/openings/Caro-Kann-Defense-2.Nf3-d5"]
[UTCDate "2010.12.13"]
[UTCTime "22:10:30"]
[WhiteElo "1683"]
[BlackElo "1682"]
[TimeControl "60"]
[Termination "hipposcottimus won on time"]
[StartTime "22:10:30"]
[EndDate "2010.12.13"]
[EndTime "22:12:34"]
[Link "https://www.chess.com/game/live/77010751"]

1. e4 c6 2. Nf3 d5 3. e5 d4 4. c3 dxc3 5. Nxc3 Bg4 6. d4 e6 7. Be2 Bb4 8. Bg5 Ne7 9. Bd2 h6 10. O-O Nd7 11. Ne1 Bf5 12. Bg4 Bxc3 13. Bxf5 Nxf5 14. Bxc3 g5 15. Qh5 Qe7 16. f4 O-O-O 17. fxg5 hxg5 18. Qg4 Rh4 19. Qe2 Rdh8 20. Nf3 Rg4 21. Bd2 Nh4 22. Bxg5 Nxf3+ 23. Qxf3 Rxg5 24. Qxf7 Qxf7 25. Rf6 Rhg8 26. Rxf7 Rxg2+ 27. Kf1 Rxb2 28. Rf2 1-0

[Event "Live Chess"]
[Site "Chess.com"]
[Date "2010.12.13"]
[Round "-"]
[White "katolo"]
[Black "hipposcottimus"]
[Result "0-1"]
[CurrentPosition "1k1r3r/pp2bppp/1q3n2/2pp3b/8/PPN1PP1P/1BPQBP2/1K1R3R w - -"]
[Timezone "UTC"]
[ECO "D02"]
[ECOUrl "https://www.chess.com/openings/Queens-Pawn-Opening-Zukertort-Variation"]
[UTCDate "2010.12.13"]
[UTCTime "22:08:51"]
[WhiteElo "1690"]
[BlackElo "1675"]
[TimeControl "60"]
[Termination "hipposcottimus won on time"]
[StartTime "22:08:51"]
[EndDate "2010.12.13"]
[EndTime "22:10:17"]
[Link "https://www.chess.com/game/live/77010244"]

1. Nf3 d5 2. d4 Bg4 3. e3 Nc6 4. a3 e5 5. dxe5 Nxe5 6. b3 Nxf3+ 7. gxf3 Bh5 8. Bb2 Nf6 9. Be2 Be7 10. Nc3 Qd7 11. Qd2 O-O-O 12. O-O-O c5 13. Bb5 Qd6 14. Be2 Kb8 15. Kb1 Qc6 16. h3 Qb6 0-1

[Event "Live Chess"]
[Site "Chess.com"]
[Date "2010.12.13"]
[Round "-"]
[White "lungulescu1"]
[Black "hipposcottimus"]
[Result "0-1"]
[CurrentPosition "r4rk1/ppp2ppp/8/8/8/3R1N1b/PP3PqP/5RK1 w - -"]
[Timezone "UTC"]
[ECO "C20"]
[ECOUrl "https://www.chess.com/openings/Kings-Pawn-Opening-Napoleon-Attack"]
[UTCDate "2010.12.13"]
[UTCTime "21:29:32"]
[WhiteElo "1564"]
[BlackElo "1666"]
[TimeControl "60"]
[Termination "hipposcottimus won by checkmate"]
[StartTime "21:29:32"]
[EndDate "2010.12.13"]
[EndTime "21:30:32"]
[Link "https://www.chess.com/game/live/76999351"]

1. e4 e5 2. Qf3 Nc6 3. Bc4 Nf6 4. d3 Nd4 5. Qd1 d5 6. c3 dxc4 7. cxd4 cxd3 8. dxe5 Nxe4 9. Qxd3 Qxd3 10. Nd2 Nxd2 11. Bxd2 Qe4+ 12. Be3 Qxe5 13. Nf3 Qe6 14. O-O Bd6 15. Rfe1 O-O 16. Bc5 Qg6 17. Bxd6 Qxd6 18. Rad1 Qg6 19. Rd3 Bh3 20. Rf1 Qxg2# 0-1

[Event "Live Chess"]
[Site "Chess.com"]
[Date "2010.12.13"]
[Round "-"]
[White "hipposcottimus"]
[Black "CAPTAILPLAYER"]
[Result "1-0"]
[CurrentPosition "4rrk1/p2q1ppQ/1ppp4/8/2PP4/2N1n3/PPB3PP/R4RK1 b - -"]
[Timezone "UTC"]
[ECO "B02"]
[ECOUrl "https://www.chess.com/openings/Alekhines-Defense-John-Tracy-Gambit"]
[UTCDate "2010.12.13"]
[UTCTime "21:28:11"]
[WhiteElo "1660"]
[BlackElo "1404"]
[TimeControl "60"]
[Termination "hipposcottimus won by checkmate"]
[StartTime "21:28:11"]
[EndDate "2010.12.13"]
[EndTime "21:29:10"]
[Link "https://www.chess.com/game/live/76999049"]

1. e4 Nf6 2. Nf3 Nxe4 3. d3 Nxf2 4. Kxf2 e5 5. Be2 Bc5+ 6. Be3 Bxe3+ 7. Kxe3 e4 8. Kf2 e3+ 9. Kxe3 O-O 10. Kf2 d6 11. Rf1 Bg4 12. Kg1 Bxf3 13. Bxf3 Nd7 14. c4 c6 15. Nc3 b6 16. Qc2 Nf6 17. d4 Qd7 18. Bd1 Ng4 19. Qd3 Rae8 20. Bc2 Ne3 21. Qxh7# 1-0